 Dungeon Crawl Stone Soup version 0.26-a0-689-gc93c913f66 (webtiles) character file.

Game seed: 14776337530499346342

484 Descartes the Chiller (level 6, -6/32 HPs)
             Began as a Deep Elf Ice Elementalist on Oct 23, 2020.
             Killed from afar by Sigmund (7 damage)
             ... with a magic dart
             ... on level 5 of the Dungeon.
             The game lasted 00:10:36 (3698 turns).

Descartes the Chiller (Deep Elf Ice Elementalist)   Turns: 3698, Time: 00:10:37

Health: -6/32      AC: 10    Str:  5    XL:     6   Next: 88%
Magic:  11/15      EV: 11    Int: 22    God:
Gold:   124        SH:  0    Dex: 15    Spells: 11/15 levels left

rFire    . . .     SeeInvis .   p - +0 hand axe (elec)
rCold    . . .     Faith    .   (no shield)
rNeg     . . .     Spirit   .   e - +0 ring mail
rPois    .         Reflect  .   j - +0 helmet
rElec    .         Harm     .   (no cloak)
rCorr    .         Rampage  .   (no gloves)
MR       .....                  (no boots)
Stlth    ++........             (no amulet)
HPRegen  0.10/turn              x - +4 ring of protection
MPRegen  0.14/turn              (no ring)

@: marked, frozen ramparts
A: no striking features
a: no special abilities


You were on level 5 of the Dungeon.
You visited 1 branch of the dungeon, and saw 6 of its levels.

You collected 124 gold pieces.

Inventory:

Hand Weapons
 p - a +0 hand axe of electrocution (weapon)
 v - a +0 dagger of draining
Missiles
 l - 29 arrows
 q - 8 boomerangs (quivered)
 s - 52 stones
 t - 3 atropa-tipped darts
Armour
 a - a +0 robe
 e - a +0 ring mail (worn)
 j - a +0 helmet (worn)
 m - a +1 buckler
Jewellery
 x - a +4 ring of protection (left hand)
Wands
 k - a wand of random effects (16)
Scrolls
 b - 2 scrolls of enchant armour
 c - 4 scrolls of identify
 h - 3 scrolls of remove curse
 r - a scroll of teleportation {unknown}
 w - a scroll of fog {unknown}
Potions
 d - a potion of magic {unknown}
 f - a potion of curing {unknown}
 g - a potion of degeneration {unknown}
 i - 2 potions of berserk rage
 n - a potion of haste {unknown}
 o - a potion of might {unknown}
 u - a potion of stabbing {unknown}


   Skills:
 - Level 5.0 Dodging
 - Level 2.8 Stealth
 + Level 2.1 Shields
 - Level 5.0 Spellcasting
 + Level 6.5 Ice Magic


You had 11 spell levels left.
You knew the following spells:

 Your Spells              Type           Power        Failure   Level
a - Freeze                Ice            ####         3%          1
b - Frozen Ramparts       Ice            ####..       10%         3

Your spell library contained the following spells:

 Spells                   Type           Power        Failure   Level
 Ozocubu's Armour         Ice            ####....     10%         3
 Hailstorm                Conj/Ice       ###.....     77%         4
 Summon Ice Beast         Ice/Summ       ###.....     77%         4


Dungeon Overview and Level Annotations

Branches:
Dungeon (6/15)             Temple (0/1) D:6

Altars:
Ru

Annotations:
D:5 Sigmund


Message History

You miss something. Something hits you!
Casting: Frozen Ramparts (quite dangerous; 10% risk of failure)
Confirm with . or Enter, or press ? or * to list all spells.
The spell is quite dangerous to cast (10% risk of failure)!
Continue anyway?
The walls around you are covered in ice.
The wall freezes the orc.
The wall freezes the orc priest.
The wall freezes something.
Something hits you.
You barely miss the orc.
The orc is heavily wounded.
You hit something.
The wall freezes the orc!
You kill the orc!
The wall freezes the orc priest!
The orc priest invokes the aid of Beogh against you.
Beogh smites you!
* * * LOW HITPOINT WARNING * * *
The wall freezes something.
You hear some strange, mumbled words.
A magic dart appears from out of thin air!
The magic dart hits you!
You die...

.# ##.# #.#
.# #.## #.#
.# #..# #.#
.# ###.##
#.# .#
#....# #.#
.# #....##
#.# .#
#.....# #.#
##
#####.###{#
##..##@####
#...o)....#
#.#.##.##.#
#.#.##.# #
#.#.##.#
..#.##.#
.##..#.#
##.#.# .#.#


You could see an orc priest.

Vanquished Creatures
  A sky beast (D:5)
  A scorpion (D:4)
  An orc wizard (D:4)
  An iguana (D:5)
  Natasha (thrice) (D:2)
  5 gnolls
  6 adders
  An ooze (D:1)
  A worm (D:2)
  2 dart slugs
  4 leopard geckos
  16 orcs
  3 giant cockroaches
  3 goblins
  3 hobgoblins
  9 jackals
  2 quokkas
  4 bats
  5 frilled lizards
  15 kobolds
  9 rats
95 creatures vanquished.

Notes
Turn   | Place    | Note
-------+----------+-------------------------------------------
     0 | D:1      | Descartes the Deep Elf Ice Elementalist began the quest for
                  | the Orb.
     0 | D:1      | Reached XP level 1. HP: 10/10 MP: 6/6
   298 | D:1      | Reached XP level 2. HP: 13/15 MP: 5/8
   842 | D:1      | Reached skill level 5 in Ice Magic
   952 | D:1      | Reached XP level 3. HP: 19/19 MP: 8/10
  1417 | D:2      | Noticed Natasha
  1425 | D:2      | Killed Natasha
  1425 | D:2      | Reached XP level 4. HP: 11/24 MP: 7/12
  1770 | D:2      | Noticed Natasha
  1774 | D:2      | Killed Natasha
  1950 | D:2      | Reached XP level 5. HP: 25/28 MP: 7/13
  2041 | D:2      | Noticed Natasha
  2063 | D:2      | Killed Natasha
  2178 | D:2      | Found a sacrificial altar of Ru.
  2693 | D:3      | Reached skill level 5 in Spellcasting
  3330 | D:4      | Reached skill level 1 in Shields
  3330 | D:4      | Reached skill level 6 in Ice Magic
  3330 | D:4      | Reached XP level 6. HP: 29/32 MP: 7/15
  3395 | D:4      | Learned a level 3 spell: Frozen Ramparts
  3538 | D:4      | You fall into a shaft and drop 2 floors!
  3539 | D:6      | Noticed a sky beast
  3545 | D:5      | Entered Level 5 of the Dungeon
  3551 | D:5      | Killed a sky beast
  3551 | D:5      | Reached skill level 5 in Dodging
  3679 | D:5      | Noticed Sigmund
  3698 | D:5      | HP: 1/32 [orc priest/divine providence (14)]
  3698 | D:5      | Killed from afar by Sigmund

Illustrated notes

Levels and vault maps discovered:
D:1:      roderic_chinese_lattice_arrival, layout_basic, palyth_stone_intersect
D:2:      minmay_kobold_bridge, layout_loops_ring,
          nicolae_ru_the_path_less_chosen, uniq_natasha
D:3:      layout_basic
D:4:      layout_basic, serial_shops, shop, chequers_serial_rivers_micro_e
D:5:      layout_basic, eat_drink_and_be_merry_uskayaw, uniq_sigmund
D:6:      layout_rooms, minmay_temple_entry_statues_pillars, serial_shops,
          kennysheep_mini_moat, enter_ossuary_2, serial_bayou,
          serial_bayou_lagoon_a, serial_bayou_pond_e, serial_bayou_pond_d,
          serial_bayou_shore_b, uniq_blork_the_orc, uniq_grinder

Skill      XL: |  1  2  3  4  5  6 |
---------------+-------------------+-----
Ice Magic      | 5 6 |  6.5
Dodging        | 3 4 5 |  5.0
Spellcasting   | 4 5 |  5.0
Shields        | 1 2 |  2.1
Stealth        | |  2.8

Action                   |  1- 3 |  4- 6 || total
-------------------------+-------+-------++-------
Melee: Unarmed           |     8 |     2 ||    10
       Hand axe          |       |    10 ||    10
 Cast: Freeze            |    43 |   119 ||   162
       Frozen Ramparts   |       |     3 ||     3
  Use: Scroll            |       |     5 ||     5
 Stab: Sleeping          |       |     1 ||     1
Armor: Robe              |     4 |       ||     4
       Ring mail         |     2 |    38 ||    40
Dodge: Dodged            |    28 |    44 ||    72

Table legend: (Time is in decaauts)
 A = Elapsed time spent in this place.
 B = Non-inter-level travel time spent in this place.
 C = Inter-level travel time spent in this place.
 D = Time resting spent in this place.
 E = Time spent auto-exploring this place.
 F = Levels seen in this place.
 G = Mean time per level.
                   A        B        C        D        E       F      G
               +--------+--------+--------+--------+--------+-----+--------+
         Total |   3700 |   3560 |    140 |     42 |   2826 |   6 |  616.7 |
       Dungeon |   3700 |   3560 |    140 |     42 |   2826 |   6 |  616.7 |
               +--------+--------+--------+--------+--------+-----+--------+

Top non-repeatable levels by time:
     D:2: 1323 daAuts
     D:1: 1207 daAuts
     D:3: 859 daAuts
     D:4: 148 daAuts
     D:5: 147 daAuts
     D:6: 14 daAuts
